AoeStats
← Tavok42

Arena

508288054Analyzed
1v1 RM · 9d ago on Sep 21, 2026· 46m 48s· 2 players
Game mode
Random Map
Map size
Tiny (2 player)
Population
200
Speed
Normal
Resources
Standard
Victory
Conquest
Starting age
Dark Age
Ending age
Imperial Age
RankedLock teamsTeams togetherTeam positionsShared explorationLock speedFull tech treeHidden civsTurbo modeCheats
Victory
Defeat
🇺🇸 Franks · United States
1138
+15
🇵🇱 Inca · Poland
1114
-15
bonio
11:01 Feudal Age
12:42 Double-Bit Axe
12:38 Horse Collar
15:13 Castle Age
17:39 Bow Saw
21:38 Heavy Plow
21:49 Gold Mining
22:34 Loom
23:27 Wheelbarrow
22:39 Town Watch
24:14 Stone Mining
25:00 Gold Shaft Mining
25:37 Forging
25:29 Scale Mail Armor
27:57 Chain Mail Armor
28:17 Iron Casting
31:15 Imperial Age
30:32 Fletching
31:53 Squires
32:19 Fabric Shields
33:10 Conscription
32:13 Elite Kamayuk
34:09 Plate Mail Armor
34:40 Blast Furnace
33:22 Champi Runner
34:52 Hand Cart
35:20 Champi Warrior
36:46 Elite Champi Warrior
41:08 Bodkin Arrow
42:49 Hoardings
Tavok42
7:14 Loom
10:00 Feudal Age
10:26 Feudal Age
15:28 Castle Age
13:32 Double-Bit Axe
17:48 Scale Barding Armor
17:55 Bow Saw
20:44 Wheelbarrow
22:03 Husbandry
21:23 Light Cavalry
22:39 Town Watch
22:38 Light Cavalry
23:32 Gold Mining
23:40 Stone Mining
25:07 Chain Barding Armor
25:18 Fletching
27:07 Hand Cart
29:32 Imperial Age
27:44 Forging
29:28 Iron Casting
28:48 Bodkin Arrow
29:55 Cavalier
31:13 Plate Barding Armor
31:19 Gold Shaft Mining
31:29 Scale Mail Armor
32:29 Blast Furnace
31:32 Scale Mail Armor
32:09 Conscription
33:54 Elite Throwing Axeman
34:29 Elite Throwing Axeman
35:28 Chain Mail Armor
36:00 Ballistics
36:40 Chemistry
35:10 Paladin
36:41 #83
37:55 Plate Mail Armor
39:24 Hoardings
42:27 Masonry
42:23 Siege Engineers
42:40 Padded Archer Armor
44:23 Chivalry
47:16 Architecture
Connection lost

Rejoining the realm…

Still unreachable

The connection could not be restored.

Session expired

The server has moved on; the page needs a fresh start.